 Dungeon Sprint DCSS version 0.21-a0-71-g5e5ddd2 (webtiles) character file.

6095 Kidiri the Martial Artist (level 10, -1/88 HPs)
             Began as a Red Draconian Transmuter on June 19, 2017.
             Was a High Priest of Wu Jian.
             Slain by an ice devil (22 damage)
             ... in the Dungeon (Sprint VII: "The Pits").
             The game lasted 00:08:28 (1509 turns).

Kidiri the Martial Artist (DrTm)                    Turns: 1509, Time: 00:08:28

Health: -1/88      AC: 10    Str: 15    XL:     10   Next: 58%
Magic:  22/23      EV: 21    Int: 14    God:    Wu Jian [*****.]
Gold:   0          SH:  0    Dex: 14    Spells: 15/28 levels left

rFire    + . .     SeeInvis .     - Unarmed
rCold    . . .     Gourm    .   (shield currently unavailable)
rNeg     . . .     Faith    .   (armour unavailable)
rPois    .         Spirit   .   (helmet restricted)
rElec    .         Reflect  .   (no cloak)
rCorr    .         Harm     .   (gloves currently unavailable)
MR       .....     NoTele   +   (no boots)
Stlth    ++++......             (no amulet)
HPRegen  0.24/turn              j - +3 ring of protection
MPRegen  0.18/turn              q - +3 ring of evasion

@: blade hands (expiring), slowed, very slow
A: breathe fire, unfitting armour, fire resistance 1, strong 1, cold-blooded, AC
+7
a: Breathe Fire, End Transformation, Serpent's Lash, Heavenly Storm, Renounce
Religion


You were in the Dungeon.
You worshipped Wu Jian.
Wu Jian was extremely pleased with you.
You were hungry.
You had blades for hands.
You visited 1 branch

Inventory:

Jewellery
 j - a +3 ring of protection (left scythe-like blade)
 q - a +3 ring of evasion (right scythe-like blade)
Scrolls
 i - a scroll of blinking
 l - 3 scrolls of remove curse
 m - 5 scrolls of amnesia
 n - a scroll of summoning
Potions
 d - 8 potions of curing
 e - 3 potions of heal wounds
 f - 2 potions of haste
 g - 4 potions of magic
 h - 2 potions of berserk rage
 k - 2 potions of invisibility
 r - a potion of brilliance
 s - a potion of might
Books
 b - a book of Changes

   Spells                             Type                      Level
   a - Beastly Appendage              Transmutation                1
   b - Sticks to Snakes               Transmutation                2
   c - Spider Form                    Transmutation/Poison         3
   d - Ice Form                       Ice/Transmutation            4
   e - Blade Hands                    Transmutation                5
Comestibles
 a - 7 chunks of flesh
 c - 8 bread rations
 o - 40 fruits
 p - 7 meat rations


   Skills:
 + Level 7.9 Fighting
 * Level 9.8 Dodging
 * Level 10.1 Stealth
 * Level 10.8 Unarmed Combat
 * Level 9.6 Spellcasting
 * Level 10.6 Transmutations
 + Level 5.3 Ice Magic
 + Level 6.5 Poison Magic


You had 15 spell levels left.
You knew the following spells:

 Your Spells              Type           Power        Failure   Level  Hunger
a - Beastly Appendage     Tmut           #####.       8%          1    None
b - Spider Form           Tmut/Pois      ####......   14%         3    #......
c - Ice Form              Ice/Tmut       ####....     30%         4    ###....
d - Blade Hands           Tmut           #####.....   28%         5    #####..


Dungeon Overview and Level Annotations

Branches:
Dungeon (1/1)

Altars:
Ashenzari
Cheibriados
Dithmenos
Elyvilon
Fedhas
Gozag
Hepliaklqana
Kikubaaqudgha
Makhleb
Nemelex Xobeh
Okawaru
Qazlal
Ru
Sif Muna
Trog
Uskayaw
Vehumet
Wu Jian
Xom
Yredelemnul
Zin
The Shining One
Beogh
Jiyva
Lugonu


Innate Abilities, Weirdness & Mutations

You can breathe blasts of fire.
Your fiery red scales are hard. (AC +7)
You cannot fit into any form of body armour.
Your flesh is heat resistant. (rF+)
You are cold-blooded and may be slowed by cold attacks.
Your muscles are strong. (Str +2)


Message History

You spin and attack the ice devil repeatedly.
You slice the ice devil!!
The ice devil is heavily wounded.
You hit the ice devil but do no damage.
The ice devil is heavily wounded.
You spin and attack the swamp drake.
You slash the swamp drake!
The swamp drake is moderately wounded.
The swamp drake barely misses you. The ice devil hits you!
The ice devil freezes you!
You feel as though you will be slow longer.
The swamp drake misses you. The ice devil closely misses you.
You spin and attack the ice devil.
You slash the ice devil!
The ice devil is severely wounded.
You spin and attack the swamp drake.
You slice the swamp drake!!
The swamp drake is almost dead.
The swamp drake bites you. The ice devil hits you.
* * * LOW HITPOINT WARNING * * *
The ice devil freezes you!!
You feel as though you will be slow longer.
You die...

.........#
##''###### ##''#####
###########
##......#
#§§§......#
##......# #§§(.)..#
###....## ####...###
# ##''## ###..+...+
###....###....##+##
##......#....##.@.##
##......')...+.4.k.+
##......#....##...##
###.[.)###....##'##
# ##''## ###..'...+
# #).).# ####...###
##......#
##.....).##
##......#
#....%....#
#########
###########


You could see an ice devil and a swamp drake.

Vanquished Creatures
  A death yak (D)
  A sea snake (D)
  An orc knight (D)
  A deep elf mage (D)
  An ugly thing (D)
  A manticore (D)
  A smoke demon (D)
  A gargoyle (D)
  A molten gargoyle (D)
  A demonic crawler (D)
  A rime drake (D)
  Grinder (D)
  A redback (D)
  Sigmund (D)
  A tarantella (D)
  2 vampire mosquitoes (D)
  A water moccasin (D)
  A floating eye (D)
  3 orc warriors (D)
  A black bear (D)
  2 centaurs (D)
  A phantom (D)
  A gnoll sergeant (D)
  A scorpion (D)
  A hound (D)
  An iguana (D)
  A hell rat (D)
  A mummy (D)
  6 gnolls (D)
  An ufetubus (D)
  2 leopard geckos (D)
  An orc (D)
  A goblin (D)
  4 jackals (D)
  A kobold (D)
  A bat (D)
  2 frilled lizards (D)
  A quokka zombie (D)
  2 rats (D)
54 creatures vanquished.

Notes
Turn   | Place    | Note
-------+----------+-------------------------------------------
     0 | D        | Kidiri the Draconian Transmuter began the quest for the Orb.
     0 | D        | Reached XP level 1. HP: 16/16 MP: 3/3
    70 | D        | Found a bloodstained altar of Trog.
    70 | D        | Found a deep blue altar of Sif Muna.
    70 | D        | Found a viscous altar of Jiyva.
    70 | D        | Found a hazy altar of Hepliaklqana.
    70 | D        | Found an opulent altar of Gozag.
    71 | D        | Found a glowing golden altar of the Shining One.
    71 | D        | Found a glowing silver altar of Zin.
    71 | D        | Found a basalt altar of Yredelemnul.
    71 | D        | Found a shimmering altar of Xom.
    71 | D        | Found an ornate altar of the Wu Jian Council.
    71 | D        | Found a sacrificial altar of Ru.
    71 | D        | Found a stormy altar of Qazlal.
    71 | D        | Found an iron altar of Okawaru.
    71 | D        | Found a sparkling altar of Nemelex Xobeh.
    71 | D        | Found a burning altar of Makhleb.
    71 | D        | Found a blossoming altar of Fedhas.
    71 | D        | Found a white marble altar of Elyvilon.
    71 | D        | Found a shadowy altar of Dithmenos.
    71 | D        | Found a snail-covered altar of Cheibriados.
    73 | D        | Found a radiant altar of Vehumet.
    73 | D        | Found a corrupted altar of Lugonu.
    73 | D        | Found a roughly hewn altar of Beogh.
    74 | D        | Found a hide-covered altar of Uskayaw.
    74 | D        | Found an ancient bone altar of Kikubaaqudgha.
    74 | D        | Found a shattered altar of Ashenzari.
    80 | D        | Became a worshipper of the Wu Jian Council
    98 | D        | Reached skill level 1 in Stealth
    98 | D        | Reached XP level 2. HP: 23/23 MP: 2/5
   167 | D        | Reached * piety under Wu Jian
   252 | D        | Noticed a black bear
   255 | D        | Reached ** piety under Wu Jian
   270 | D        | Killed a black bear
   270 | D        | Reached skill level 5 in Unarmed Combat
   270 | D        | Reached XP level 3. HP: 10/30 MP: 4/8
   270 | D        | Reached XP level 4. HP: 13/37 MP: 5/10
   285 | D        | Learned a level 3 spell: Spider Form
   290 | D        | Learned a level 4 spell: Ice Form
   596 | D        | Noticed a gnoll sergeant
   600 | D        | Noticed Grinder
   601 | D        | Reached *** piety under Wu Jian
   611 | D        | Reached XP level 5. HP: 37/44 MP: 4/11
   619 | D        | Reached **** piety under Wu Jian
   619 | D        | Reached skill level 5 in Transmutations
   619 | D        | Reached skill level 1 in Ice Magic
   619 | D        | Reached skill level 1 in Poison Magic
   629 | D        | Reached skill level 5 in Dodging
   657 | D        | Killed Grinder
   657 | D        | Reached skill level 5 in Stealth
   657 | D        | Reached skill level 5 in Spellcasting
   657 | D        | Reached XP level 6. HP: 53/53 MP: 5/14
   689 | D        | Learned a level 5 spell: Blade Hands
   709 | D        | Noticed Sigmund
   712 | D        | Killed Sigmund
   712 | D        | Reached ***** piety under Wu Jian
   712 | D        | Your scales start taking on a fiery red colour.
   712 | D        | Reached XP level 7. HP: 57/60 MP: 11/16
   712 | D        | Gained mutation: Your flesh is heat resistant. (rF+) [Red Draconian growth]
   714 | D        | Noticed a manticore
   718 | D        | Killed a manticore
   718 | D        | Reached skill level 5 in Fighting
   777 | D        | Reached XP level 8. HP: 69/69 MP: 12/18
  1149 | D        | Noticed a rime drake
  1149 | D        | Noticed an orc knight
  1149 | D        | Noticed a death yak
  1151 | D        | Reached XP level 9. HP: 75/75 MP: 14/20
  1154 | D        | Killed an orc knight
  1154 | D        | Reached skill level 5 in Poison Magic
  1154 | D        | Killed a rime drake
  1155 | D        | Killed a death yak
  1302 | D        | Noticed a white ugly thing
  1302 | D        | Noticed a demonic crawler
  1302 | D        | Noticed a gargoyle
  1305 | D        | Killed a gargoyle
  1308 | D        | Killed a demonic crawler
  1308 | D        | Reached skill level 10 in Unarmed Combat
  1308 | D        | Killed a white ugly thing
  1308 | D        | Reached skill level 10 in Transmutations
  1308 | D        | Reached XP level 10. HP: 53/86 MP: 17/23
  1313 | D        | Gained mutation: Your muscles are strong. (Str +2) [mutagenic meat]
  1454 | D        | Noticed a molten gargoyle
  1457 | D        | Killed a molten gargoyle
  1457 | D        | Reached skill level 5 in Ice Magic
  1487 | D        | Noticed a deep elf mage
  1487 | D        | Noticed a smoke demon
  1490 | D        | Noticed a sea snake
  1490 | D        | Killed a deep elf mage
  1492 | D        | Killed a smoke demon
  1494 | D        | Killed a sea snake
  1494 | D        | Reached skill level 10 in Stealth
  1509 | D        | Slain by an ice devil

Vault maps used:
D:        pitsprint

Skill      XL: |  1  2  3  4  5  6  7  8  9 10 |
---------------+-------------------------------+-----
Dodging        | 2 4 5 6 7 9 |  9.8
Stealth        | 1 3 5 6 8 9 10 | 10.1
Transmutations | 4 6 7 8 10 | 10.6
Fighting       | 2 4 5 6 7 |  7.9
Unarmed Combat | 5 6 7 8 10 | 10.8
Spellcasting   | 4 5 6 7 9 |  9.6
Ice Magic      | 2 2 3 4 5 |  5.3
Poison Magic   | 2 3 4 5 6 |  6.5

Action                   |  1- 3 |  4- 6 |  7- 9 | 10-12 || total
-------------------------+-------+-------+-------+-------++-------
Melee: Unarmed           |    40 |    41 |    46 |    21 ||   148
       Kick              |     7 |     4 |       |       ||    11
       Tailslap          |     5 |     1 |     6 |     2 ||    14
       Headbutt          |     1 |       |       |       ||     1
 Cast: Beastly Appendage |     5 |     2 |       |       ||     7
       Spider Form       |       |     4 |     1 |       ||     5
       Blade Hands       |       |       |     6 |     2 ||     8
Invok: Heavenly Storm    |       |       |     3 |     1 ||     4
       Serpent's Lash    |       |       |       |     1 ||     1
  Use: Potion            |     1 |     5 |     3 |       ||     9
 Stab: Sleeping          |       |     2 |     2 |       ||     4
  Eat: Chunk             |       |       |     4 |     2 ||     6
Armor: Skin              |    10 |     3 |     3 |     5 ||    21
Dodge: Dodged            |    32 |    33 |    34 |     8 ||   107
